 Dungeon Crawl Stone Soup version 0.30-a0-414-gcb316572d5 (webtiles) character file.

Game seed: 11395314311184137762

143462 p00ps00p the Severer (level 17, -4/166 HPs)
             Began as a Hill Orc Fighter on Dec 8, 2022.
             Was an Initiate of Gozag.
             Slain by a fire elemental (13 damage)
             ... summoned by a deep elf pyromancer
             ... on level 2 of the Elven Halls.
             The game lasted 01:07:20 (40412 turns).

p00ps00p the Severer (Hill Orc Fighter)            Turns: 40412, Time: 01:07:22

Health: -4/166     AC: 40    Str: 23    XL:     17   Next: 37%
Magic:  17/17      EV:  6    Int:  8    God:    Gozag
Gold:   1919       SH: 32    Dex: 12    Spells: 16/16 levels left

rFire   . . .      SeeInvis .    I - +3 broad axe (venom)
rCold   . . .      Faith    .    i - +8 tower shield {rN+}
rNeg    + . .      Spirit   .    C - +6 plate armour of the Everdark {rElec Str-4 Dex+2}
rPois   .          Reflect  +    F - +0 helmet
rElec   +          Harm     .    a - +2 cloak {rCorr}
rCorr   +          Rampage  .    g - +2 pair of gloves {hurl}
Will    +....                    O - +2 pair of boots
Stlth   ..........               b - amulet of reflection
HPRegen 0.47/turn                E - ring of resist corrosion
MPRegen 0.15/turn                M - +4 ring of protection

@: lethally poisoned (-4 -> -21), invisible
A: no striking features
a: Renounce Religion, Potion Petition, Call Merchant, Bribe Branch


You were on level 2 of the Elven Halls.
You worshipped Gozag.
Gozag was most pleased with you.
You visited 5 branches of the dungeon, and saw 25 of its levels.
You also visited: Ossuary, Bailey, Ice Cave and Volcano.

You collected 10052 gold pieces.
You spent 3147 gold pieces at shops.
You paid 4986 gold pieces to Gozag.

Inventory:

Hand Weapons
 q - a +0 broad axe of protection
 B - a +2 antimagic war axe
 I - a +3 broad axe of venom (weapon)
 L - a +2 war axe of flaming
Missiles
 h - 8 throwing nets (quivered)
 H - 5 silver javelins
Armour
 a - a +2 cloak of preservation (worn)
 c - +0 shadow dragon scales
 e - a +0 cloak of willpower
 g - a +2 pair of gloves of hurling (worn)
 i - a +8 tower shield of positive energy (worn)
 C - the +6 plate armour of the Everdark (worn) {rElec Str-4 Dex+2}
   (You bought it in a shop on level 2 of the Orcish Mines)

   Str:       It affects your strength (-4).
   Dex:       It affects your dexterity (+2).
   rElec:     It insulates you from electricity.
 F - a +0 helmet (worn)
 O - a +2 pair of boots (worn)
Jewellery
 b - an amulet of reflection (around neck)
 E - a ring of resist corrosion (left hand)
 M - a +4 ring of protection (right hand)
Wands
 j - a wand of charming (31)
 l - a wand of roots (40)
 m - a wand of digging (13)
 o - a wand of mindburst (4)
 w - a wand of flame (56)
Scrolls
 k - 2 scrolls of fear
 n - 3 scrolls of magic mapping
 r - 3 scrolls of amnesia
 v - 4 scrolls of silence
 x - 9 scrolls of teleportation
Potions
 d - a potion of curing
 f - 7 potions of haste
 p - 3 potions of flight
 t - 6 potions of brilliance
 u - 3 potions of resistance
 z - 6 potions of mutation
 A - 3 potions of berserk rage
 D - 3 potions of magic
 J - 3 potions of cancellation
 Q - 3 potions of might
Miscellaneous
 G - a condenser vane


   Skills:
 + Level 18.7 Fighting
 + Level 20.0 Axes
 + Level 17.2 Armour
 + Level 17.2 Shields


You had 16 spell levels left.
You didn't know any spells.
Your spell library contained the following spells:

 Spells                   Type           Power      Damage    Failure   Level
 Beastly Appendage        Tmut           0%         N/A       100%        1
 Magic Dart               Conj           0%         1d3       100%        1
 Shock                    Conj/Air       0%         1d3       100%        1
 Summon Small Mammal      Summ           0%         N/A       100%        1
 Blink                    Tloc           0%         N/A       100%        2
 Call Imp                 Summ           0%         N/A       100%        2
 Cigotuvi's Dreadful Rot  Necr/Pois/Air  0%         N/A       100%        2
 Momentum Strike          Conj/Tloc      0%         3d8       100%        2
 Poisonous Vapours        Pois/Air       0%         N/A       100%        2
 Searing Ray              Conj           0%         2d4       100%        2
 Wereblood                Tmut           0%         N/A       100%        2
 Call Canine Familiar     Summ           0%         N/A       100%        3
 Dazzling Flash           Conj/Hex       0%         N/A       100%        3
 Kindle Blastsparks       Fire/Tloc/Air  0%         2d10      100%        3
 Lesser Beckoning         Tloc           0%         N/A       100%        3
 Mephitic Cloud           Conj/Pois/Air  0%         N/A       100%        3
 Spider Form              Tmut/Pois      0%         N/A       100%        3
 Stone Arrow              Conj/Erth      0%         3d7       100%        3
 Summon Guardian Golem    Hex/Summ       0%         N/A       100%        3
 Animate Armour           Summ/Erth      0%         N/A       100%        4
 Fulminant Prism          Conj/Hex       0%         3d5       100%        4
 Iskenderun's Mystic Bla  Conj/Tloc      0%         2d3       100%        4
 Passage of Golubria      Tloc           0%         N/A       100%        4
 Silence                  Hex/Air        0%         N/A       100%        5
 Conjure Ball Lightning   Conj/Air       0%         3x3d6     100%        6
 Starburst                Conj/Fire      0%         6d3       100%        6
 Statue Form              Tmut/Erth      0%         N/A       100%        6
 Discord                  Hex            0%         N/A       100%        8
 Disjunction              Tloc           0%         N/A       100%        8
 Ignition                 Fire           0%         3d3       100%        8
 Lehudib's Crystal Spear  Conj/Erth      0%         10d2      100%        8
 Fire Storm               Conj/Fire      0%         5d1       100%        9


Dungeon Overview and Level Annotations

Branches:
Dungeon (15/15)            Temple (1/1) D:5            Lair (5/5) D:9
  Swamp (0/4) Lair:2       Spider (0/4) Lair:3        Slime (0/5) Lair:5
    Orc (2/2) D:9             Elf (2/3) Orc:2        Vaults (0/5) D:13
 Depths (0/4) D:15        Ossuary (visited)          Bailey (visited)
  IceCv (visited)         Volcano (visited)

Altars:
Ashenzari
Cheibriados
Dithmenos
Elyvilon
Fedhas
Gozag
Hepliaklqana
Kikubaaqudgha
Makhleb
Nemelex Xobeh
Okawaru
Qazlal
Ru
Sif Muna
Trog
Uskayaw
Vehumet
Wu Jian
Xom
Yredelemnul
Zin
The Shining One
Beogh
Jiyva

Shops:
D:4 (   D:12 *   D:15 [   Orc:2 :=*:([(*[[   Elf:1 (   Lair:5 **

Portals:
Trove: D:11 (give 15 scrolls of teleportation)


Message History

Look: a deep elf blademaster, wielding two +0 rapiers of protection and wearing a +0 leather armour (moderately wounded, extremely poisoned, chance to affect: 29%)
As you read the scroll of fear, it crumbles to dust.
You assume a fearsome visage.
The fire elemental is unaffected. x2
The deep elf blademaster resists with almost no effort.
The +2 double sword of venom is unaffected.
The +5 mace of protection is unaffected.
The deep elf pyromancer looks frightened!
You block the +5 mace of protection's attack.
You block the deep elf blademaster's attack.
The deep elf blademaster hits you with a +0 rapier of protection!
* * * LOW HITPOINT WARNING * * *
The +2 double sword of venom hits you but does no damage.
You are poisoned.
The fire elemental hits you. The fire elemental burns you!
* * * LOW HITPOINT WARNING * * *
The +5 mace of protection barely misses you.
The deep elf pyromancer gestures wildly while chanting.
The deep elf pyromancer blinks!
You fade into invisibility!
You feel sick.
You block the deep elf blademaster's attack. x2
A +2 hand axe of venom comes into view.
You block the fire elemental's attack.
The +2 double sword of venom closely misses you.
The fire elemental hits you. The fire elemental burns you!
* * * LOW HITPOINT WARNING * * *
You block the +5 mace of protection's attack.
The deep elf blademaster hits you but does no damage. x2
The deep elf pyromancer wails, "Oh dear!
Oh dear!"
The deep elf pyromancer mumbles some strange words.
The deep elf pyromancer blinks!
You feel better. The +2 double sword of venom hits you!
* * * LOW HITPOINT WARNING * * *
You are lethally poisoned!
You block the +5 mace of protection's attack.
You block the fire elemental's attack. The fire elemental hits you.
The fire elemental burns you!
You die...
Your body crumbles into a pile of gold.

*,,,,,,...............,,.....**
**,,,,,...............,,.....*
*,,,,,,......................##
*,,,,,,.........§.............#
**,,,,*.(......................
**,,,**#.......................
*,,,,* #.............#.........
*,,,** *#...e......§#*#........
**,,** *#....(@E.$.## ##.......
**,,,**#.....e(E°...###........
*,,,,,*.........°....#.........
**,,,,,.............$..........
**,,,,.##...##...##...##.....#
**,,,**##.#*##{####.####.#.''
***** ##* ### ### #####. ###
##############' #.#
#....#....#.#..


You could see a deep elf blademaster (unable to see you, extremely poisoned), a
deep elf pyromancer (unable to see you, fleeing, very poisoned), 2 fire
elementals and 3 dancing weapons.

Vanquished Creatures
  A deep elf annihilator (Elf:1)
  A white draconian (IceCv)
  2 dire elephants (Lair:5)
  2 deep elf death magi (Elf:2)
  5 vault guards
  A rakshasa (D:13)
  2 ice dragons
  Erica (D:8)
  Harold (D:10)
  9 hydras
  3 boulder beetles
  3 catoblepae
  A death knight (D:15)
  18 dancing weapons
  8 centaur warriors
  10 two-headed ogres
  3 death yaks (Lair:2)
  An ogre mage (D:15)
  A hell hog (Volcano)
  Sonja (D:11)
  A spectral dire elephant (Lair:5)
  6 deep elf knights
  Nergalle (D:10)
  2 spectral death yaks (Lair:5)
  A fire crab (shapeshifter) (D:15)
  An obsidian statue (Lair:5)
  5 deep elf archers (Elf:1)
  A spectral anaconda (Lair:5)
  Pikel (D:8)
  2 wizards
  20 deep elf zephyrmancers
  3 necromancers (Lair:5)
  19 deep elf pyromancers
  4 orc knights
  An orc sorcerer (Elf:1)
  A salamander (Volcano)
  8 cyclopes
  4 manticores
  38 elephants
  8 ugly things
  Maurice (D:8)
  7 black mambas
  2 ice statues (IceCv)
  3 gargoyles
  10 cane toads
  4 centaur zombies (D:10)
  Maggie (D:10)
  A dire elephant skeleton (Lair:5)
  2 unseen horror zombies (D:10)
  8 komodo dragons
  An unseen horror (D:10)
  8 rime drakes
  2 efreet
  2 trolls
  Prince Ribbit (Bailey)
  A tyrant leech (Lair:2)
  4 polar bears
  A hornet (D:9)
  6 slime creatures (D:13)
  A spectral elephant (Lair:5)
  4 blink frogs (Lair:1)
  2 jumping spiders (Lair:3)
  A culicivora (Lair:3)
  An air elemental (Elf:2)
  5 shadows
  2 wyverns (D:10)
  2 wraiths (D:14)
  A centaur simulacrum (D:10)
  73 yaks
  A fire elemental (Elf:1)
  15 humans
  3 fire bats (Volcano)
  4 steam dragons
  2 basilisks
  2 redbacks (Lair:3)
  2 swamp worms (Lair:2)
  4 wargs
  4 acid dragons
  A hell hound (Volcano)
  11 water moccasins
  32 orc warriors
  4 ice beasts
  A black bear (D:5)
  An elephant zombie (Lair:5)
  2 sky beasts
  14 wolves
  2 elephant skeletons (Lair:5)
  6 ogres
  The ghost of indyram44 the Covered, an amateur DsFi (D:4)
  An ogre (shapeshifter) (D:14)
  18 centaurs
  3 lemures (D:8)
  3 phantoms (D:5)
  18 bullfrogs
  3 earth elementals
  2 kobold brigands
  2 gnoll sergeants
  2 cane toad simulacra (Lair:5)
  2 wyvern zombies (Ossuary)
  4 necrophages
  3 scorpions
  3 water moccasin zombies (Ossuary)
  14 wights
  3 lindwurm simulacra (IceCv)
  2 elephant simulacra (Lair:5)
  5 killer bees
  An electric eel (D:8)
  4 howler monkeys
  6 bullfrog zombies (Ossuary)
  4 hounds
  8 orc priests
  5 komodo dragon simulacra (IceCv)
  A human zombie (D:10)
  A bullfrog skeleton (D:4)
  4 jellies
  3 iguanas
  Natasha (thrice) (D:3)
  17 orc wizards
  3 killer bee zombies (Ossuary)
  2 howler monkey zombies (D:4)
  10 mummies (Ossuary)
  9 acid dragon simulacra (IceCv)
  9 gnolls
  10 adders
  17 white imps
  4 steam dragon simulacra (IceCv)
  An ufetubus (D:10)
  2 worms
  5 dart slugs
  82 orcs
  5 bats
  8 endoplasms
  5 giant cockroaches
  12 goblins
  8 hobgoblins
  2 jackals (D:2)
  14 kobolds
  5 quokkas
  9 ball pythons
  3 frilled lizards
  7 rats
  2 bushes
849 creatures vanquished.

Vanquished Creatures (collateral kills)
  A killer bee zombie (Ossuary)
  A mummy (Ossuary)
2 creatures vanquished.

Vanquished Creatures (others)
  A deep elf pyromancer (Elf:1)
  4 ugly things (D:15)
  A human (D:13)
  A basilisk (D:15)
  2 ogres (D:15)
  3 goblins (D:8)
  A kobold (D:9)
  66 bushes (D:15)
  24 fungi
  48 plants
  37 withered plants
188 creatures vanquished.

Grand Total: 1039 creatures vanquished

Notes
Turn   | Place    | Note
-------+----------+-------------------------------------------
     0 | D:1      | p00ps00p the Hill Orc Fighter began the quest for the Orb.
     0 | D:1      | Reached XP level 1. HP: 19/19 MP: 1/1
   110 | D:1      | Reached XP level 2. HP: 26/27 MP: 2/2
   111 | D:1      | Reached skill level 3 in Axes
   117 | D:1      | Found a faded altar of an unknown god.
   404 | D:1      | Reached XP level 3. HP: 33/33 MP: 3/3
   931 | D:2      | Reached XP level 4. HP: 30/40 MP: 4/4
  1361 | D:2      | You fall into a shaft and drop 2 floors!
  1468 | D:4      | Reached skill level 4 in Axes
  1475 | D:4      | Reached XP level 5. HP: 33/47 MP: 5/5
  1502 | D:4      | Found a shimmering blue altar of Sif Muna.
  1526 | D:4      | Found Axkurghyj's Weapon Emporium.
  1561 | D:4      | Found a transporter.
  1563 | D:4      | Found a transporter.
  1568 | D:4      | Noticed indyram44's ghost (amateur DsFi)
  1646 | D:4      | Found a sand-covered staircase.
  1655 | Ossuary  | Entered an ossuary
  1664 | Ossuary  | Reached skill level 5 in Fighting
  1669 | Ossuary  | Reached XP level 6. HP: 22/56 MP: 6/6
  1679 | Ossuary  | Reached skill level 5 in Axes
  1772 | Ossuary  | Reached skill level 5 in Shields
  1785 | Ossuary  | Reached skill level 5 in Armour
  1785 | Ossuary  | Reached XP level 7. HP: 25/61 MP: 7/7
  1939 | Ossuary  | Reached skill level 6 in Axes
  1960 | Ossuary  | HP: 1/63 [wyvern zombie (5)]
  2214 | Ossuary  | Reached XP level 8. HP: 71/71 MP: 8/8
  3065 | D:4      | HP: 2/71 [indyram44's ghost (3)]
  3069 | D:4      | Killed indyram44's ghost
  3386 | D:3      | Noticed Natasha
  3400 | D:3      | Killed Natasha
  4418 | D:3      | Noticed Natasha
  4430 | D:3      | Killed Natasha
  4443 | D:3      | Noticed Natasha
  4453 | D:3      | Killed Natasha
  4454 | D:3      | Reached skill level 7 in Axes
  4694 | D:3      | Found a sparkling altar of Nemelex Xobeh.
  4797 | D:5      | Entered Level 5 of the Dungeon
  4943 | D:5      | Reached XP level 9. HP: 29/79 MP: 9/9
  5362 | D:5      | Found a staircase to the Ecumenical Temple.
  5374 | D:5      | Reached skill level 8 in Axes
  5376 | Temple   | Entered the Ecumenical Temple
  5968 | D:5      | Identified the +2 war axe of Valiance {vorpal, *Corrode
                  | Int+5 Dex-5 SInv}
  6810 | D:7      | Found a sacrificial altar of Ru.
  7094 | D:7      | Reached skill level 9 in Axes
  7171 | D:7      | Found a stormy altar of Qazlal.
  7397 | D:7      | Reached XP level 10. HP: 91/91 MP: 3/10
  7491 | D:8      | Noticed Erica
  7491 | D:8      | Found a flagged portal.
  7517 | Bailey   | Entered a bailey
  7905 | Bailey   | Reached skill level 10 in Axes
  8489 | Bailey   | Noticed a vault guard
  8489 | Bailey   | Noticed Prince Ribbit
  8508 | Bailey   | Killed a vault guard
  8509 | Bailey   | Reached skill level 10 in Fighting
  8514 | Bailey   | Killed Prince Ribbit
  9078 | Bailey   | Noticed a vault guard
  9087 | Bailey   | Killed a vault guard
  9088 | Bailey   | Reached skill level 11 in Axes
  9123 | D:8      | Found a white marble altar of Elyvilon.
  9126 | D:8      | Killed Erica
  9127 | D:8      | Reached XP level 11. HP: 37/101 MP: 11/11
  9520 | D:8      | Identified the +4 short sword "Pexzeedgh" {freeze, rC+ rN+}
  9719 | D:8      | Found a bloodstained altar of Trog.
  9720 | D:8      | Noticed Maurice
  9733 | D:8      | Killed Maurice
  9734 | D:8      | Reached skill level 10 in Armour
  9734 | D:8      | Reached skill level 10 in Shields
  9906 | D:8      | Found an opulent altar of Gozag.
 10208 | D:8      | Became a worshipper of Gozag Ym Sagoz the Greedy
 10254 | D:8      | Noticed Pikel
 10267 | D:8      | Killed Pikel
 10744 | D:9      | Found a hide-covered altar of Uskayaw.
 10751 | D:9      | Found a staircase to the Orcish Mines.
 10797 | D:9      | Reached skill level 12 in Axes
 11304 | D:9      | Found a glowing golden altar of the Shining One.
 11381 | D:9      | Found a staircase to the Lair.
 12023 | Orc:1    | Entered Level 1 of the Orcish Mines
 12099 | Orc:1    | Noticed an orc knight
 12119 | D:9      | Killed an orc knight
 12120 | D:9      | Reached XP level 12. HP: 71/112 MP: 12/12
 12963 | Orc:2    | Entered Level 2 of the Orcish Mines
 12963 | Orc:2    | Found a staircase to the Elven Halls.
 13016 | Orc:2    | Bought a shiny kite shield for 217 gold pieces
 13229 | Orc:2    | Found Buosm's Book Shop.
 13230 | Orc:2    | Found Qux Uschu's Weapon Shoppe.
 13239 | Orc:2    | Found Tigiukaff's Assorted Antiques.
 13247 | Orc:2    | Reached skill level 13 in Axes
 13252 | Orc:2    | Found Qoqeffe's Jewellery Boutique.
 13262 | Orc:2    | Bought a runed cloak for 120 gold pieces
 13262 | Orc:2    | Bought a shiny plate armour for 416 gold pieces
 13313 | Orc:2    | Found Mism's Book Shop.
 13989 | Orc:2    | Noticed a centaur warrior
 13996 | Orc:2    | Noticed a centaur warrior
 14004 | Orc:2    | Killed a centaur warrior
 14019 | Orc:2    | Killed a centaur warrior
 15473 | Orc:2    | Found Quboebut's Weapon Shop.
 15473 | Orc:2    | Found Mikk's Assorted Antiques.
 15475 | Orc:2    | Found Zaehyij's Antique Armour Emporium.
 15477 | Orc:2    | Found Habew's Antique Armour Boutique.
 15557 | Orc:2    | Bought an embroidered cloak for 240 gold pieces
 15557 | Orc:2    | Bought a glowing tower shield for 240 gold pieces
 15810 | D:10     | Entered Level 10 of the Dungeon
 15886 | D:10     | Noticed Nergalle
 15893 | D:10     | Killed Nergalle
 16241 | D:10     | Reached skill level 14 in Axes
 16288 | D:10     | Found an ancient bone altar of Kikubaaqudgha.
 16367 | D:10     | Reached XP level 13. HP: 121/122 MP: 13/13
 16666 | D:10     | Noticed Harold
 16668 | D:10     | Noticed Maggie
 16692 | D:10     | Killed Harold
 16695 | D:10     | Killed Maggie
 17195 | D:10     | Found a roughly hewn altar of Beogh.
 17455 | Orc:2    | Bought an amethyst-studded plate armour for 840 gold pieces
 17455 | Orc:2    | Identified the +6 plate armour of the Everdark {rElec Str-4
                  | Dex+2} (You bought it in a shop on level 2 of the Orcish
                  | Mines)
 17543 | D:11     | Found a portal to a secret trove of treasure.
 18339 | D:11     | Noticed Sonja
 18355 | D:11     | Killed Sonja
 19053 | D:12     | Reached skill level 15 in Axes
 20124 | D:13     | Noticed a rakshasa
 20139 | D:13     | Killed a rakshasa
 20295 | D:13     | Noticed a vault guard
 20295 | D:13     | Noticed a vault guard
 20295 | D:13     | Noticed a vault guard
 20326 | D:13     | Killed a vault guard
 20329 | D:13     | Killed a vault guard
 20331 | D:13     | Killed a vault guard
 20525 | D:13     | Identified the +2 leather armour "Ugepnow" {rElec SInv}
 20768 | D:13     | Reached XP level 14. HP: 133/133 MP: 14/14
 20834 | D:13     | Found a gate to the Vaults.
 22327 | D:14     | Reached skill level 16 in Axes
 22514 | D:14     | Reached skill level 15 in Fighting
 23140 | D:12     | Bought a scroll labelled VUWATW LYHUIKY for 34 gold pieces
 23140 | D:12     | Bought a scroll of teleportation for 102 gold pieces
 23289 | Orc:2    | Bought a potion of curing for 102 gold pieces
 23289 | Orc:2    | Bought a potion of curing for 102 gold pieces
 23516 | D:15     | Entered Level 15 of the Dungeon
 24262 | D:15     | Paralysed by an ogre mage for 2 turns
 26189 | D:15     | Found a staircase to the Depths.
 26546 | D:15     | Bought an embroidered cloak for 187 gold pieces
 26751 | Elf:1    | Entered Level 1 of the Elven Halls
 26891 | Elf:1    | Reached skill level 17 in Axes
 26942 | Elf:1    | Reached XP level 15. HP: 132/143 MP: 15/15
 28525 | Elf:1    | Reached skill level 15 in Shields
 28630 | Elf:1    | Found Ykyd's Weapon Boutique.
 28658 | Elf:1    | Found Compius's Weapon Boutique.
 28713 | Elf:1    | Got Sif Muna's Anthology of Heat and Metamorphosis
 28737 | Elf:1    | Reached skill level 15 in Armour
 29550 | Elf:1    | Got the Tome of Arcane Weapons
 29923 | Elf:2    | Noticed a deep elf blademaster
 30806 | Elf:1    | Reached skill level 18 in Axes
 31066 | Elf:2    | Found a runed translucent gate.
 31066 | Elf:2    | Identified the +4 chain mail of Purpose {Rampage Will+
                  | Dex+4}
 31092 | Elf:2    | Found a runed translucent gate.
 31093 | Elf:2    | Found a runed translucent gate.
 31231 | Elf:2    | Paralysed by an air elemental for 1 turns
 31236 | Elf:2    | Paralysed by an air elemental for 1 turns
 33429 | Lair:1   | Entered Level 1 of the Lair of Beasts
 33496 | Lair:1   | Reached XP level 16. HP: 155/155 MP: 16/16
 33644 | Lair:1   | Found an opulent altar of Gozag.
 34760 | Lair:2   | Found a staircase to the Swamp.
 35241 | Lair:3   | Found a dark tunnel.
 35246 | Volcano  | Entered a volcano
 35647 | Lair:3   | Reached skill level 19 in Axes
 35689 | Lair:3   | Found a white marble altar of Elyvilon.
 35700 | Lair:3   | Found a frozen archway.
 35745 | IceCv    | Entered an ice cave
 36098 | IceCv    | Identified the ring "Ilefrok" {Wiz rC+ Will- Int+2 SInv}
 36110 | IceCv    | Identified the amulet of Untruth {Spirit Harm}
 37076 | Lair:3   | Found a hole to the Spider Nest.
 37706 | Lair:4   | Identified the +0 robe of Veqoyl {Stlth+}
 38461 | Lair:5   | Entered Level 5 of the Lair of Beasts
 38607 | Lair:5   | Found a shadowy altar of Dithmenos.
 38771 | Lair:5   | Reached XP level 17. HP: 100/165 MP: 17/17
 38944 | Lair:5   | Found a staircase to the Slime Pits.
 38970 | Lair:5   | Found a viscous altar of Jiyva.
 39666 | Lair:5   | Reached skill level 20 in Axes
 40098 | Lair:5   | Bought a scroll of teleportation for 105 gold pieces
 40098 | Lair:5   | Bought a pair of glowing gloves for 262 gold pieces
 40098 | Lair:5   | Bought a scroll of teleportation for 105 gold pieces
 40100 | Lair:5   | Bought a potion of curing for 75 gold pieces
 40411 | Elf:2    | HP: 8/166 [fire elemental[a deep elf pyromancer] (7)]
 40412 | Elf:2    | Slain by a fire elemental

Illustrated notes

Levels and vault maps discovered:
D:1:      psy_arrival_fountain, layout_rooms,
          hellmonk_ecumenical_altar_heavens_door
D:2:      layout_basic, grunt_decor_mini_mirrors
D:3:      layout_basic, marbit_many_paths, uniq_natasha
D:4:      layout_loops_ring, mainiacjoe_overflow_cross_hatched, serial_shops,
          nicolae_shop_waterfront, chequers_ossuary_entry_cave,
          gammafunk_ghost_mausoleum
D:5:      layout_loops_ring, minmay_temple_entry_mini_moons
D:6:      layout_basic
D:7:      layout_loops_ring, amcnicky_altar_gilded,
          mainiacjoe_overflow_concentric_impassable
D:8:      layout_rooms, mainiacjoe_overflow_six_doors_small,
          mainiacjoe_overflow_small_starburst, overflow_temple_1_default,
          enter_bailey_5, nicolae_benzene_ring, nicolae_lava_and_water,
          uniq_pikel, uniq_erica, uniq_maurice
D:9:      layout_basic, mainiacjoe_overflow_surrounded_room,
          nicolae_tso_carved_into_rock, lair_entry_dummy
D:10:     layout_roguey [special_room_orc],
          lemuel_mausoleum_altar_kikubaaqudgha, serial_ice, serial_ice_f,
          serial_ice_b, serial_ice_o, serial_ice_d,
          minmay_fractal_squares_gapless_5, uniq_nergalle, uniq_maggie,
          uniq_harold
D:11:     cheibrodos_steamvent, layout_irregular_city,
          nicolae_trove_entry_isolated, uniq_sonja
D:12:     layout_stronghold
D:13:     layout_gridville, ximxim_vaults_locker_room
D:14:     lemuel_ice_spiral_2, layout_basic, bh_walls_and_bars
D:15:     grunt_enter_depths_hoard, layout_cave_pools, minmay_hedge_maze
Temple:   minmay_temple_bridge_abc
Lair:1:   layout_roguey, basic_altar, bh_autumn_forest_stairs
Lair:2:   layout_gridlike, palyth_hydra_swamp_entry
Lair:3:   layout_concentric_octagons, nicolae_spider_entry_tight_spaces,
          enter_volcano_4, portal_ice_cave_entry_imps, basic_altar,
          serial_bayou_shore_b
Lair:4:   layout_roguey
Lair:5:   due_jungle_book, layout_loops_ring, nicolae_slime_entry_slimehenge,
          basic_altar
Orc:1:    layout_caves
Orc:2:    st_orc_rangers, layout_diamond_mine, serial_shops, shop,
          nicolae_shop_crystal, nicolae_shop_trees, shop, nicolae_diamond_shop
Elf:1:    eino_elf_arrival_shootout, layout_loops_cross, serial_shops,
          shop_statue, shop_coins, minmay_elf_annihilation
Elf:2:    elven_hall_of_blades_hangedman_original
          [infiniplex_blade_entry_pillars], layout_rooms, drop_trap,
          nicolae_elf_stair_hall, hex_tiny

Skill      XL: |  1  2  3  4  5  6  7  8  9 10 11 12 13 14 15 16 17 |
---------------+----------------------------------------------------+-----
Axes           | 3 4 5 6 7 9 11 12 14 15 17 18 19 20 | 20.0
Fighting       | 4 5 6 7 9 10 11 13 14 15 17 18 | 18.7
Shields        | 4 5 6 8 9 10 12 13 14 15 16 17 | 17.2
Armour         | 4 5 6 8 9 10 12 13 14 15 16 17 | 17.2

Action                   |  1- 3 |  4- 6 |  7- 9 | 10-12 | 13-15 | 16-18 || total
-------------------------+-------+-------+-------+-------+-------+-------++-------
Melee: War axe           |    92 |   136 |   404 |    90 |    40 |   141 ||   903
       Broad axe         |       |       |       |   499 |   866 |   727 ||  2092
Invok: Call Merchant     |       |       |       |     1 |     2 |     2 ||     5
Evoke: Wand              |       |       |       |     6 |    16 |       ||    22
  Use: Scroll            |     4 |     4 |    11 |    13 |     9 |    10 ||    51
       Potion            |       |     2 |     3 |     6 |    19 |     3 ||    33
 Stab: Distracted        |       |       |       |     5 |     8 |     9 ||    22
       Invisible         |       |       |       |       |     5 |       ||     5
Armor: Scale mail        |    33 |       |       |       |       |       ||    33
       Plate armour      |       |   105 |   269 |   305 |   407 |   313 ||  1399
Dodge: Dodged            |    47 |    38 |   107 |   141 |   103 |    78 ||   514
Block: Buckler           |    21 |    37 |   137 |   196 |       |       ||   391
       Reflection        |       |       |     5 |    72 |    85 |    20 ||   182
       Kite shield       |       |       |       |   153 |       |       ||   153
       Tower shield      |       |       |       |   138 |  1050 |   953 ||  2141

Table legend: (Time is in decaauts)
 A = Elapsed time spent in this place.
 B = Non-inter-level travel time spent in this place.
 C = Inter-level travel time spent in this place.
 D = Time resting spent in this place.
 E = Time spent auto-exploring this place.
 F = Levels seen in this place.
 G = Mean time per level.
                   A        B        C        D        E       F      G
               +--------+--------+--------+--------+--------+-----+--------+
         Total |  40493 |  38358 |   2135 |  11758 |  19104 |  29 | 1396.3 |
       Dungeon |  20638 |  19370 |   1268 |   4334 |  11626 |  15 | 1375.9 |
        Temple |    251 |    225 |     26 |      0 |    203 |   1 |  251.0 |
          Lair |   5615 |   5238 |    377 |      0 |   3966 |   5 | 1123.0 |
  Orcish Mines |   5288 |   4893 |    395 |   3003 |   1063 |   2 | 2644.0 |
   Elven Halls |   5274 |   5207 |     67 |   2849 |   1230 |   2 | 2637.0 |
       Ossuary |    873 |    873 |      0 |    305 |    255 |   1 |  873.0 |
        Bailey |   1562 |   1562 |      0 |   1265 |    149 |   1 | 1562.0 |
      Ice Cave |    645 |    645 |      0 |      0 |    416 |   1 |  645.0 |
       Volcano |    342 |    342 |      0 |      0 |    195 |   1 |  342.0 |
               +--------+--------+--------+--------+--------+-----+--------+

Top non-repeatable levels by time:
   Elf:1: 3897 daAuts
    D:14: 3551 daAuts
   Orc:2: 2866 daAuts
   Orc:1: 2421 daAuts
     D:9: 1856 daAuts
    D:10: 1674 daAuts
     D:8: 1642 daAuts
  Lair:5: 1634 daAuts
  Bailey: 1562 daAuts
     D:2: 1545 daAuts
    D:13: 1468 daAuts
    D:11: 1462 daAuts
   Elf:2: 1376 daAuts
    D:12: 1311 daAuts
  Lair:3: 1291 daAuts
